 Dungeon Crawl Stone Soup version 0.32-a0-961-gd60f5e5fc7 (webtiles) character file.

Game seed: 10667687916537710886

10081 Bediveer the Skirmisher (level 11, -4/86 HPs)
             Began as a Coglin Hunter on Apr 17, 2024.
             Was a High Priest of Okawaru.
             Slain by a wyvern (5 damage)
             ... on level 10 of the Dungeon on Apr 18, 2024.
             The game lasted 00:18:31 (9821 turns).

Bediveer the Skirmisher (Coglin Hunter)             Turns: 9821, Time: 00:18:31

Health: -4/86      AC: 12    Str: 13    XL:     11   Next: 56%
Magic:  11/11      EV: 15    Int:  8    God:    Okawaru [*****.]
Gold:   536        SH:  0    Dex: 21    Spells: 10/10 levels left

rFire   . . .        a - +3 sling (flame) {Sebastián}
rCold   . . .        p - +0 sling {Chikashi}
rNeg    . . .        y - +0 steam dragon scales
rPois   .            b - +2 helmet
rElec   .            x - +1 cloak
rCorr   .            n - +0 pair of gloves
SInv    .            (no boots)
Will    .....        (amulet unavailable)
Stlth   ++           (ring unavailable)
HPRegen 0.34/turn    (ring unavailable)
MPRegen 0.12/turn    (no gizmo)

%: no passive effects
@: no status effects
A: off-hand wielding, slow wielding, warmup strikes, no jewellery
a: Invent Gizmo, Renounce Religion, Heroism, Finesse, Duel


You were on level 10 of the Dungeon.
You worshipped Okawaru.
Okawaru was extremely pleased with you.
You visited 2 branches of the dungeon, and saw 11 of its levels.

You collected 633 gold pieces.
You spent 97 gold pieces at shops.

Inventory:

Hand Weapons
 a - a +3 sling of flaming (weapon) {Sebastián}
 d - a +0 orcbow {Belessunu}
 p - a +0 sling (offhand) {Chikashi}
Missiles
 g - a throwing net
 m - 3 curare-tipped darts
Armour
 b - a +2 helmet (worn)
 c - a +0 leather armour
 n - a +0 pair of gloves (worn)
 x - a +1 cloak (worn)
 y - +0 steam dragon scales (worn)
Wands
 o - a wand of flame (32)
 s - a wand of acid (8)
 z - a wand of mindburst (21)
 C - a wand of polymorph (6)
Scrolls
 e - 2 scrolls of poison
 f - a scroll of fear
 k - a scroll of amnesia
 q - 2 scrolls of revelation
 t - 7 scrolls of teleportation
 v - 2 scrolls of noise
 D - a scroll of blinking
 E - a scroll of torment
 F - a scroll of vulnerability
 G - a scroll of summoning
Potions
 h - 2 potions of curing
 i - a potion of enlightenment {unknown}
 j - 6 potions of heal wounds
 l - a potion of brilliance
 r - 2 potions of lignification
 u - a potion of resistance {unknown}
 w - a potion of berserk rage {unknown}
 A - a potion of degeneration {unknown}
 B - a potion of magic


   Skills:
 + Level 8.1 Fighting
 * Level 13.4 Ranged Weapons
 - Level 4.0 Armour
 - Level 6.0 Dodging
 - Level 0.7 Stealth


You had 10 spell levels left.
You didn't know any spells.
Your spell library contained the following spells:

 Spells                   Type           Power      Damage    Failure   Level
 Freeze                   Ice            0%         1d3       41%         1
 Magic Dart               Conj           0%         1d3       41%         1
 Cigotuvi's Dreadful Rot  Necr/Alch/Air  0%         N/A       54%         2
 Searing Ray              Conj           0%         2d4       54%         2
 Dazzling Flash           Conj/Hex       0%         N/A       78%         3
 Frozen Ramparts          Ice            0%         1d1       78%         3
 Fugue of the Fallen      Necr           0%         N/A       78%         3
 Mephitic Cloud           Conj/Alch/Air  0%         N/A       78%         3
 Ozocubu's Armour         Ice            0%         N/A       78%         3
 Fulminant Prism          Conj/Alch      0%         3d5       99%         4
 Borgnjor's Vile Clutch   Necr/Erth      0%         N/A       100%        5
 Silence                  Hex/Air        0%         N/A       100%        5
 Manifold Assault         Tloc           0%         N/A       100%        7
 Orb of Destruction       Conj           0%         9d5       100%        7
 Animate Dead             Necr           Unusable   N/A       N/A         4
 Summon Blazeheart Golem  Fire/Summ      Unusable   N/A       N/A         4
 Spellforged Servitor     Conj/Summ      Unusable   N/A       N/A         7

Dungeon Overview and Level Annotations

Branches:
Dungeon (10/15)            Temple (1/1) D:4            Lair (0/5) D:8
    Orc: D:9-12

Altars:
Ashenzari
Cheibriados
Dithmenos
Elyvilon
Fedhas
Gozag
Hepliaklqana
Kikubaaqudgha
Makhleb
Nemelex Xobeh
Okawaru
Qazlal
Ru
Sif Muna
Trog
Uskayaw
Vehumet
Wu Jian
Xom
Yredelemnul
Zin
The Shining One

Shops:
D:8 ?   D:9 ==

Annotations:
D:10 3 transporters


Innate Abilities, Weirdness & Mutations

You can wield a second weapon in your off-hand.
It takes a long time for you to wield or remove held weapons.
Your first few attacks do less damage.
You cannot equip rings or amulets.


Message History

You shoot a sling bullet. The sling bullet hits the wyvern.
The wyvern is moderately wounded.
The wyvern misses you. The vampire draws life force from you!
The vampire is healed by the life force!
You shoot a sling bullet.
The sling bullet completely misses the wyvern.
You shoot a sling bullet. The sling bullet misses the wyvern.
The wyvern bites you!
You shoot a sling bullet. x2
The vampire gestures at you while chanting.
You resist with some effort.
The wyvern bites you but does no damage.
You shoot a sling bullet. x2; The wyvern bites you.
The vampire completely misses you. x2
You shoot a sling bullet. x2; The wyvern barely misses you.
You shoot a sling bullet. x2; The vampire barely misses you.
The vampire misses you. The wyvern closely misses you.
You shoot a sling bullet. x2; The wyvern bites you.
The vampire misses you. The vampire completely misses you.
You shoot a sling bullet.
The sling bullet hits the wyvern but does no damage.
The wyvern is moderately wounded.
You shoot a sling bullet. The sling bullet hits the wyvern.
The sling bullet burns the wyvern.
The wyvern is heavily wounded.
The wyvern bites you. The vampire hits you.
* * * LOW HITPOINT WARNING * * *
The vampire misses you.
You shoot a sling bullet. x2; The wyvern barely misses you.
You shoot a sling bullet. x2; The wyvern bites you!
* * * LOW HITPOINT WARNING * * *
The vampire hits you!
* * * LOW HITPOINT WARNING * * *
The vampire closely misses you.
You shoot a sling bullet. x2
You feel less confused. The wyvern closely misses you. The vampire hits you.
* * * LOW HITPOINT WARNING * * *
The vampire barely misses you. The wyvern bites you.
You die...

#.# #.# ###.#####
##....##.##
###..##.....##
###...####.....#
.
##...#####......#
....###..###
#......###
....?.V@##
#######..#
...##.k## ##..
#.. ##. #.. ##.
#.. ##.. #.. #..#
#.. ###.## #..
#..... #.....


You could see a vampire and a wyvern.

Vanquished Creatures
  Erica (D:9)
  A two-headed ogre (D:9)
  A centaur warrior (D:7)
  Maurice (D:9)
  Jeremiah (D:7)
  An unseen horror (D:9)
  Prince Ribbit (D:9)
  Sigmund (D:5)
  2 shadows
  17 yaks
  2 steam dragons
  Grum (D:8)
  A vampire mosquito (D:7)
  3 acid dragons
  2 water moccasins
  An orc warrior (D:9)
  A sky beast (D:8)
  2 ogres
  5 ice beasts
  2 wolves (D:7)
  A phantom (D:4)
  2 centaurs
  A kobold brigand (D:6)
  Blork the orc (D:5)
  A gnoll sergeant (D:6)
  A bullfrog (D:7)
  4 scorpions
  6 wights
  5 killer bees (D:9)
  A bombardier beetle (D:5)
  A jelly (D:4)
  3 gnoll boudas
  2 hounds
  2 orc priests (D:7)
  4 iguanas
  2 sleepcaps
  5 orc wizards
  Robin (D:3)
  21 gnolls
  9 adders
  4 white imps
  2 ufetubi (D:6)
  A ribbon worm (D:4)
  2 dart slugs
  20 orcs
  3 bats
  8 endoplasms
  3 giant cockroaches
  11 goblins
  3 hobgoblins
  9 jackals
  5 quokkas
  6 ball pythons
  A frilled lizard (D:2)
  9 kobolds
  4 rats
  A spectral goblin (D:3)
212 creatures vanquished.

Vanquished Creatures (others)
  An orc wizard (D:7)
1 creature vanquished.

Grand Total: 213 creatures vanquished

Notes
Turn   | Place    | Note
-------+----------+-------------------------------------------
     0 | D:1      | Bediveer the Coglin Hunter began the quest for the Orb.
     0 | D:1      | Reached XP level 1. HP: 16/16 MP: 1/1
   210 | D:1      | You fall into a shaft and drop 1 floor!
   241 | D:2      | Reached XP level 2. HP: 22/22 MP: 2/2
   266 | D:2      | Got the Discursus on the Bitter Crater
   280 | D:2      | Reached skill level 4 in Ranged Weapons
   425 | D:2      | Reached XP level 3. HP: 28/28 MP: 3/3
   877 | D:2      | Found a hazy altar of Hepliaklqana.
  1356 | D:3      | Found a faded altar of an unknown god.
  1451 | D:3      | Reached XP level 4. HP: 34/34 MP: 4/4
  1451 | D:3      | Noticed Robin
  1460 | D:3      | Killed Robin
  1492 | D:3      | Found a white marble altar of Elyvilon.
  1497 | D:3      | Noticed an ogre
  2040 | D:3      | Killed an ogre
  2041 | D:3      | Reached skill level 5 in Ranged Weapons
  2041 | D:3      | Reached XP level 5. HP: 28/41 MP: 5/5
  2275 | D:3      | Found a hazy altar of Hepliaklqana.
  2480 | D:4      | Found a shimmering altar of Xom.
  2549 | D:4      | Reached XP level 6. HP: 48/48 MP: 6/6
  2596 | D:4      | Reached skill level 6 in Ranged Weapons
  2604 | D:4      | HP: 2/48 [poisoned by a scorpion]
  2790 | D:4      | Found a burning altar of Makhleb.
  2932 | D:4      | Reached XP level 7. HP: 46/55 MP: 7/7
  2969 | D:4      | Found a staircase to the Ecumenical Temple.
  3004 | Temple   | Entered the Ecumenical Temple
  3276 | D:4      | Found a bloodstained altar of Trog.
  3564 | D:5      | Entered Level 5 of the Dungeon
  3607 | D:5      | Noticed Sigmund
  3631 | D:5      | Killed Sigmund
  3632 | D:5      | Reached skill level 5 in Fighting
  3632 | D:5      | Reached skill level 7 in Ranged Weapons
  3729 | D:5      | Found an iron altar of Okawaru.
  3744 | D:5      | Became a worshipper of Warmaster Okawaru
  3982 | D:5      | Noticed Blork the orc
  3986 | D:5      | Killed Blork the orc
  3987 | D:5      | Reached XP level 8. HP: 63/63 MP: 8/8
  4300 | D:6      | Reached * piety under Okawaru
  4301 | D:6      | Reached skill level 8 in Ranged Weapons
  4792 | D:6      | Reached skill level 9 in Ranged Weapons
  4993 | D:6      | Reached XP level 9. HP: 71/71 MP: 9/9
  4993 | D:6      | Reached ** piety under Okawaru
  5215 | D:7      | Found a shadowy altar of Dithmenos.
  5505 | D:7      | Reached skill level 10 in Ranged Weapons
  5694 | D:7      | Noticed a centaur warrior
  5706 | D:7      | Killed a centaur warrior
  5706 | D:7      | Reached *** piety under Okawaru
  5707 | D:7      | Reached XP level 10. HP: 37/79 MP: 10/10
  5708 | D:7      | Reached skill level 11 in Ranged Weapons
  5856 | D:7      | Got Kikubaaqudgha's Meditations on Lamentation
  6016 | D:7      | Reached skill level 5 in Dodging
  6253 | D:7      | Noticed Jeremiah
  6267 | D:7      | Killed Jeremiah
  6267 | D:7      | Reached **** piety under Okawaru
  6534 | D:8      | Found a broken altar of Ashenzari.
  6548 | D:8      | Found a staircase to the Lair.
  6870 | D:8      | Reached skill level 1 in Armour
  6890 | D:8      | Reached skill level 12 in Ranged Weapons
  6897 | D:8      | Reached ***** piety under Okawaru
  7078 | D:8      | Found a blossoming altar of Fedhas.
  7147 | D:8      | Upgraded the game from 0.32-a0-960-g3814254bd7 to
                  | 0.32-a0-961-gd60f5e5fc7
  7303 | D:8      | Noticed Grum
  7314 | D:8      | Killed Grum
  7409 | D:8      | Found Osotah's Magic Scroll Emporium.
  7417 | D:8      | Bought a scroll of blinking for 97 gold pieces
  7848 | D:9      | Found Kidac's Jewellery Emporium.
  7868 | D:9      | Found a shimmering blue altar of Sif Muna.
  7908 | D:9      | Found an opulent altar of Gozag.
  8031 | D:9      | Reached XP level 11. HP: 77/84 MP: 11/11
  8139 | D:9      | Found an ornate altar of the Wu Jian Council.
  8247 | D:9      | Found a glowing golden altar of the Shining One.
  8285 | D:9      | Noticed Prince Ribbit
  8297 | D:9      | Killed Prince Ribbit
  8369 | D:9      | Found Wiliruyg's One-of-a-Kind Rings.
  8423 | D:9      | Noticed Erica
  8436 | D:9      | Killed Erica
  8437 | D:9      | Reached skill level 13 in Ranged Weapons
  9087 | D:9      | Noticed a two-headed ogre
  9093 | D:9      | Killed a two-headed ogre
  9093 | D:9      | Received a gift from Okawaru
  9158 | D:9      | Noticed Maurice
  9174 | D:9      | Something stole 2 throwing nets
  9186 | D:9      | Something stole a +0 orcbow {Belessunu}
  9189 | D:9      | Something stole 107 gold
  9210 | D:9      | Killed Maurice
  9365 | D:9      | Found a radiant altar of Vehumet.
  9587 | D:10     | Entered Level 10 of the Dungeon
  9609 | D:10     | Identified the +1 chain mail "Vylitidd" {rC+}
  9737 | D:10     | Found a transporter.
  9740 | D:10     | Found a transporter.
  9767 | D:10     | Found a transporter.
  9820 | D:10     | HP: 3/86 [vampire (11)]
  9821 | D:10     | HP: 1/86 [vampire (3)]
  9821 | D:10     | Slain by a wyvern

Illustrated notes

Levels and vault maps discovered:
D:1:      dpeg_arrival_triangle_fractal, layout_basic
D:2:      layout_basic, basic_altar, kennysheep_donut
D:3:      layout_basic, nicolae_elyvilon_peaceful_grove,
          nicolae_hepliaklqana_monster_ancestors,
          hellmonk_ecumenical_altar_zigzags, nicolae_eternal_life, uniq_robin
D:4:      minmay_evil_eye, layout_loops_ring, lemuel_coloured_pillars_altar,
          kennysheep_little_box, lemuel_round_altar, minmay_temple_entry_waves
D:5:      layout_cave_pools, okawaru_gym_becter, uniq_sigmund,
          uniq_blork_the_orc
D:6:      layout_basic
D:7:      minmay_the_grid_plus_closed [minmay_the_grid_tree,
          minmay_the_grid_spin_star, minmay_the_grid_fan,
          minmay_the_grid_plusring, minmay_the_grid_prize_diamond_cup],
          layout_cave_pools, grunt_dithmenos_smoke, uniq_jeremiah
D:8:      layout_cave_pods, nicolae_overflow_crystal_walls, ashenzari_altar_1,
          lair_entry_dummy, serial_shops, nicolae_shop_stone, kennysheep_nub,
          uniq_grum
D:9:      kennysheep_spiral_hall, layout_basic, mainiacjoe_overflow_catwalk,
          nicolae_sif_muna_condensation, nzn_wu_jian_contemplation,
          mainiacjoe_overflow_cross_hatched, mainiacjoe_overflow_tiny_flanked,
          serial_shops, nicolae_shop_statue_plus, nicolae_shop_unique_rings,
          interstate_on_off, uniq_erica, uniq_prince_ribbit1, uniq_maurice
D:10:     layout_cave_pods, nicolae_transporter_circle
Temple:   nicolae_temple_superstar

Skill      XL: |  1  2  3  4  5  6  7  8  9 10 11 |
---------------+----------------------------------+-----
Ranged Weapons | 4 5 6 7 9 10 12 13 | 13.4
Fighting       | 3 4 5 6 7 8 |  8.1
Dodging        | 4 6 |  6.0
Armour         | 3 4 |  4.0
Stealth        | |  0.7

Action                     |  1- 3 |  4- 6 |  7- 9 | 10-12 || total
---------------------------+-------+-------+-------+-------++-------
  Melee: Sling             |       |       |     6 |       ||     6
   Fire: Sling             |   142 |   210 |   524 |   772 ||  1648
    Use: Scroll            |     5 |     3 |     7 |     7 ||    22
         Potion            |       |       |     1 |       ||     1
 Armour: Leather armour    |    12 |    26 |    35 |       ||    73
         Skin              |       |       |     7 |       ||     7
         Steam dragon scal |       |       |    59 |   131 ||   190
  Dodge: Dodged            |    13 |    26 |    58 |    94 ||   191

Table legend: (Time is in decaauts)
 A = Elapsed time spent in this place.
 B = Non-inter-level travel time spent in this place.
 C = Inter-level travel time spent in this place.
 D = Time resting spent in this place.
 E = Time spent auto-exploring this place.
 F = Levels seen in this place.
 G = Mean time per level.
                   A        B        C        D        E       F      G
               +--------+--------+--------+--------+--------+-----+--------+
         Total |   9770 |   9418 |    352 |   1203 |   6691 |  11 |  888.2 |
       Dungeon |   9684 |   9332 |    352 |   1203 |   6691 |  10 |  968.4 |
        Temple |     85 |     85 |      0 |      0 |      0 |   1 |   85.0 |
               +--------+--------+--------+--------+--------+-----+--------+

Top non-repeatable levels by time:
     D:7: 1472 daAuts
     D:9: 1449 daAuts
     D:8: 1391 daAuts
     D:3: 1348 daAuts
     D:6: 1110 daAuts
     D:4: 1078 daAuts
     D:2: 585 daAuts
     D:5: 519 daAuts
     D:1: 501 daAuts
    D:10: 227 daAuts
  Temple: 85 daAuts
